 Dungeon Sprint DCSS version 0.30-a0-779-g7971cf19c3 (webtiles) character file.

Game seed: 11503040032537975331

299 dialectric the Unseen (level 6, -2/32 HPs)
             Began as a Spriggan Brigand on Feb 17, 2023.
             Succumbed to a scorpion's poison
             ... in the Dungeon (Sprint II: "The Violet Keep of Menkaure").
             The game lasted 00:01:19 (171 turns).

dialectric the Unseen (Spriggan Brigand)             Turns: 171, Time: 00:01:19

Health: -2/32      AC:  3    Str:  9    XL:     6   Next: 13%
Magic:  7/7        EV: 16    Int: 12    God:
Gold:   243        SH:  0    Dex: 17    Spells: 5/5 levels left

rFire   . . .      SeeInvis +    a - +2 dagger
rCold   . . .      Faith    .    (no shield)
rNeg    . . .      Spirit   .    b - +0 robe
rPois   .          Reflect  .    (helmet restricted)
rElec   .          Harm     .    c - +0 cloak
rCorr   .          Rampage  .    (gloves unavailable)
Will    +....      NoTele   +    (boots unavailable)
Stlth   +++++++                  (no amulet)
HPRegen 0.25/turn                (no ring)
MPRegen 0.10/turn                (no ring)

@: lethally poisoned (-2 -> -19), very quick
A: very small, no large weapons, unfitting armour, see invisible, speed 3
a: no special abilities


You were in the Dungeon.
You visited 1 branch You collected 243 gold pieces.

Inventory:

Hand Weapons
 a - a +2 dagger (weapon)
Missiles
 d - 9 poisoned darts (quivered)
 e - 3 curare-tipped darts
Armour
 b - a +0 robe (worn)
 c - a +0 cloak (worn)
Scrolls
 k - a scroll of blinking
Potions
 f - a potion of curing
 g - a potion of heal wounds
 h - a potion of haste
 i - 2 potions of magic


   Skills:
 + Level 3.1 Fighting
 + Level 5.1 Short Blades
 - Level 3.0 Throwing
 + Level 1.5 Dodging
 * Level 17.9 Stealth


You had 5 spell levels left.
You didn't know any spells.
Your spell library was empty.

Dungeon Overview and Level Annotations

Branches:
Dungeon (1/1)

Altars:

Shops:
D ?:[=[(:*[=!=!([

Annotations:
D exclusion: oklob plant, Menkaure


Innate Abilities, Weirdness & Mutations

You are very small and have problems with some larger weapons.
You are too small for most types of armour.
You have supernaturally acute eyesight. (SInv)
You cover ground extremely quickly. (Speed+++)


Message History

The scorpion is heavily wounded.
You feel sick. The scorpion misses you.
You hit the scorpion.
The scorpion is severely wounded.
The scorpion stings you.
You hit the scorpion but do no damage.
The scorpion is severely wounded.
You feel sick. The scorpion barely misses you.
You hit the scorpion but do no damage.
The scorpion is severely wounded.
You feel sick.
You feel sick. The scorpion misses you. The scorpion closely misses you.
There is an open door here.
You hit the scorpion but do no damage.
The scorpion is severely wounded.
The scorpion closely misses you.
The scorpion splashes around in the water.
You hit the scorpion but do no damage.
The scorpion is severely wounded.
You feel sick. The scorpion barely misses you.
The scorpion stings you but does no damage.
The scorpion stings you!
You are lethally poisoned!
The scorpion poisons you!
You barely miss the scorpion.
The scorpion is severely wounded.
You feel very sick. The scorpion barely misses you. The scorpion stings you.
* * * LOW HITPOINT WARNING * * *
The scorpion closely misses you.
You hit the scorpion.
The scorpion is severely wounded.
* * * LOW HITPOINT WARNING * * *
You feel sick. The scorpion stings you.
* * * LOW HITPOINT WARNING * * *
You are more poisoned.
The scorpion poisons you! The scorpion closely misses you. x2
You barely miss the scorpion.
The scorpion is severely wounded.
You die...

############~~#'§§#zz
###########~~~..z...
##........#~~~~.##z#
##....⌠...#~~~~###$###
##...∩.∩..#zz~~#.z#z.#
##..∩.∩.∩.#Mz####z#.#
##.∩.∩.∩.∩#z##.###s##
##..∩...∩.#s#...##.##
##.∩.....s@s'##††.<.+
##∩.......#~#...##.##
#▓▓▓▓▓▓▓###~##.###+#
##[HH######~~###
#?.H#l ##~~~ #∩P(+$l
+#~# #!$h#?## ~~#
#?h[###≈≈ ~~


You could see an oklob plant, 3 manticores, Menkaure, 5 flying skulls and 3
scorpions.

Vanquished Creatures
  4 necrophages (D)
  A scorpion (D)
5 creatures vanquished.

Vanquished Creatures (others)
  A water moccasin (D)
1 creature vanquished.

Grand Total: 6 creatures vanquished

Notes
Turn   | Place    | Note
-------+----------+-------------------------------------------
     0 | D        | dialectric the Spriggan Brigand began the quest for the
                  | Orb.
     0 | D        | Reached XP level 1. HP: 10/10 MP: 2/2
     1 | D        | Noticed a necrophage
     1 | D        | Noticed a necrophage
     1 | D        | Noticed a necrophage
     1 | D        | Noticed a necrophage
     8 | D        | Killed a necrophage
     9 | D        | Reached skill level 11 in Stealth
     9 | D        | Reached XP level 2. HP: 12/15 MP: 3/3
     9 | D        | Reached XP level 3. HP: 15/18 MP: 4/4
    19 | D        | Killed a necrophage
    20 | D        | Reached skill level 14 in Stealth
    20 | D        | Reached XP level 4. HP: 11/23 MP: 5/5
    25 | D        | Killed a necrophage
    26 | D        | Reached skill level 15 in Stealth
    26 | D        | Reached XP level 5. HP: 4/27 MP: 6/6
    29 | D        | Reached skill level 17 in Stealth
    48 | D        | Killed a water moccasin
   121 | D        | Noticed a flying skull
   121 | D        | Noticed a flying skull
   121 | D        | Noticed a flying skull
   121 | D        | Noticed a flying skull
   122 | D        | Noticed a flying skull
   123 | D        | Reached skill level 5 in Short Blades
   123 | D        | Reached XP level 6. HP: 32/32 MP: 7/7
   124 | D        | Noticed a flying skull
   124 | D        | Noticed a flying skull
   124 | D        | Noticed a flying skull
   124 | D        | Noticed Menkaure
   124 | D        | Noticed a flying skull
   138 | D        | Found Vuaveu's Distillery.
   138 | D        | Found Xeak's Antique Weapon Shoppe.
   138 | D        | Found Nyxzaon's Distillery.
   138 | D        | Found Lemoanoa's General Store.
   138 | D        | Found Muiw Zag's Jewellery Emporium.
   138 | D        | Found Misut's Antique Armour Shoppe.
   138 | D        | Found Ratoc's Jewellery Shoppe.
   138 | D        | Found Piafiawop's Book Emporium.
   139 | D        | Found Vonerieb's Weapon Shoppe.
   139 | D        | Found Ryophu's Antique Armour Emporium.
   139 | D        | Noticed a manticore
   140 | D        | Found Cupsimung's Antique Armour Emporium.
   141 | D        | Found Ykonofaz's Jewellery Shoppe.
   141 | D        | Found Peucasas's Armour Emporium.
   141 | D        | Noticed a manticore
   141 | D        | Noticed a manticore
   141 | D        | Noticed an oklob plant
   142 | D        | Found Wedyetosm's Magic Scroll Shoppe.
   142 | D        | Found Kihukh's Book Shoppe.
   150 | D        | Noticed a wyvern
   151 | D        | Noticed a wyvern
   152 | D        | Noticed a polar bear
   153 | D        | Noticed a polar bear
   161 | D        | Noticed a flying skull
   171 | D        | Succumbed to a scorpion's poison

Illustrated notes

Levels and vault maps discovered:
D:        the_violet_keep_of_menkaure [sprint2_stairs_cluster_1,
          sprint2_shoproom, sprint2_temple, sprint2_basic_supplies,
          sprint2_obstacle_3, sprint2_obstacle_2, sprint2_obstacle_1,
          sprint2_obstacle_4, sprint2_obstacle_6, sprint2_timed_cluster_1,
          sprint2_smallroom_cluster_1, sprint2_smallroom_final_cluster_1,
          sprint2_transparent_cluster_1, sprint2_second_timed_cluster_1,
          sprint2_sniper_area_1, sprint2_heavy_combat_area_1,
          sprint2_mutation_trap_area_1, sprint2_forest_area_1,
          sprint2_light_combat_area_1, sprint2_behind_water_1,
          sprint2_near_end_vault_1]

Skill      XL: |  1  2  3  4  5 |
---------------+----------------+-----
Fighting       | 2 3 |  3.1
Short Blades   | 3 4 5 |  5.1
Stealth        | 11 14 15 17 | 17.9
Throwing       | 3 |  3.0
Dodging        | |  1.5

Action                     |  1- 3 |  4- 6 || total
---------------------------+-------+-------++-------
  Melee: Dagger            |    15 |    23 ||    38
    Use: Potion            |     1 |       ||     1
   Stab: Sleeping          |       |     1 ||     1
 Armour: Robe              |       |     1 ||     1
  Dodge: Dodged            |     5 |    19 ||    24

Table legend: (Time is in decaauts)
 A = Elapsed time spent in this place.
 B = Non-inter-level travel time spent in this place.
 C = Inter-level travel time spent in this place.
 D = Time resting spent in this place.
 E = Time spent auto-exploring this place.
 F = Levels seen in this place.
 G = Mean time per level.
                   A        B        C        D        E       F      G
               +--------+--------+--------+--------+--------+-----+--------+
         Total |    155 |    155 |      0 |     96 |      0 |   1 |  155.0 |
       Dungeon |    155 |    155 |      0 |     96 |      0 |   1 |  155.0 |
               +--------+--------+--------+--------+--------+-----+--------+

Top non-repeatable levels by time:
       D: 155 daAuts
